 Dungeon Crawl Stone Soup version 0.28-a0-1202-g1e6f1b2279 (webtiles) character file.

Game seed: 15858767498254961561

100 Grim the Slasher (level 5, -3/35 (41) HPs)
             Began as a Formicid Fighter on Dec 20, 2021.
             Slain by a wight (7 damage)
             ... on level 7 of the Dungeon.
             The game lasted 00:04:47 (3301 turns).

Grim the Slasher (Formicid Fighter)                 Turns: 3301, Time: 00:04:48

HP:   -3/35 (41)    AC:  6    Str: 21    XL:     5   Next: 3%
MP:   5/5           EV:  9    Int:  7    God:
Gold: 138           SH:  5    Dex: 12    Spells: 4/4 levels left

rFire   . . .      SeeInvis +   a - +0 long sword
rCold   . . .      Faith    .   c - +0 buckler
rNeg    . . .      Spirit   .   b - +0 scale mail
rPois   .          Reflect  .   (helmet unavailable)
rElec   .          Harm     .   (no cloak)
rCorr   .          Rampage  .   (no gloves)
Will    .....                   (no boots)
Stlth   ..........              (no amulet)
HPRegen 0.11/turn               (no ring)
MPRegen 0.09/turn               (no ring)

@: heavily drained
A: permanent stasis, dig shafts and tunnels, antennae 3, four strong arms
a: Dig, Shaft Self


You were on level 7 of the Dungeon.
You visited 1 branch of the dungeon, and saw 6 of its levels.

You collected 138 gold pieces.

Inventory:

Hand Weapons
 a - a +0 long sword (weapon)
Armour
 b - a +0 scale mail (worn)
 c - a +0 buckler (worn)
Jewellery
 i - a ring of magical power
 k - an amulet of regeneration
 m - a +4 ring of protection
Scrolls
 f - 3 scrolls of identify {unknown}
 g - a scroll of teleportation {unknown}
 h - a scroll of magic mapping {unknown}
 l - a scroll of blinking {unknown}
 n - a scroll of amnesia {unknown}
Potions
 d - 2 potions of ambrosia {unknown}
 e - a potion of invisibility {unknown}
 j - a potion of attraction {unknown}


   Skills:
 - Level 3.2 Fighting
 + Level 4.6 Long Blades
 - Level 3.2 Armour
 * Level 3.9 Shields


You had 4 spell levels left.
You didn't know any spells.
Your spell library contained the following spells:

 Spells                   Type           Power      Damage    Failure   Level
 Sublimation of Blood     Necr           0%         N/A       88%         2
 Wereblood                Tmut           0%         N/A       88%         2
 Summon Hydra             Summ           0%         N/A       100%        7


Dungeon Overview and Level Annotations

Branches:
Dungeon (8/15)
 Temple: D:4-7         Lair: D:8-11

Altars:
Nemelex Xobeh

Annotations:
D:3 Grinder


Innate Abilities, Weirdness & Mutations

You cannot be hasted, slowed, berserked, paralysed or teleported.
You can dig through walls and to a lower floor.
You have a pair of large antennae on your head. (SInv)
Your four strong arms can wield two-handed weapons with a shield.


Message History

You see here a scroll labelled CONIAN QEOMPU.
There is a stone staircase leading down here.
You hit the wight but do no damage.
The wight hits you with a +2 short sword of freezing.
You feel drained. The wight freezes you.
You barely miss the wight. The wight barely misses you.
The wight hits you with a +2 short sword of freezing.
You feel drained. The wight freezes you.
You closely miss the wight. You block the wight's attack.
You closely miss the wight.
The wight hits you with a +2 short sword of freezing.
The wight freezes you.
* * * LOW HITPOINT WARNING * * *
You barely miss the wight. You block the wight's attack.
You barely miss the wight.
The wight hits you with a +2 short sword of freezing.
* * * LOW HITPOINT WARNING * * *
You feel drained.
* * * LOW HITPOINT WARNING * * *
The wight freezes you.
* * * LOW HITPOINT WARNING * * *
You hit the wight but do no damage. You block the wight's attack.
The wight hits you with a +2 short sword of freezing.
* * * LOW HITPOINT WARNING * * *
You feel drained. The wight freezes you.
* * * LOW HITPOINT WARNING * * *
You barely miss the wight.
The wight hits you with a +2 short sword of freezing.
* * * LOW HITPOINT WARNING * * *
You feel drained.
* * * LOW HITPOINT WARNING * * *
The wight freezes you.
* * * LOW HITPOINT WARNING * * *
You hit the wight.
The wight is moderately damaged.
You block the wight's attack.
You barely miss the wight.
The wight is moderately damaged.
The wight hits you with a +2 short sword of freezing!
You die...

# #. .#########
## .........
....###.#......
#..(.?.......
#..##@z..$... #
#+#......
...... .....
.z... .... ....


You could see a wight.

Vanquished Creatures
  A howler monkey zombie (D:7)
  A gnoll (D:1)
  2 adders (D:2)
  2 worms (D:2)
  A dart slug (D:1)
  An orc (D:3)
  3 bats
  5 endoplasms
  4 giant cockroaches
  6 goblins
  A hobgoblin (D:2)
  5 jackals (D:1)
  2 quokkas
  4 ball pythons
  5 frilled lizards
  3 kobolds
  7 rats
53 creatures vanquished.

Notes
Turn   | Place    | Note
-------+----------+-------------------------------------------
     0 | D:1      | Grim the Formicid Fighter began the quest for the Orb.
     0 | D:1      | Reached XP level 1. HP: 18/18 MP: 1/1
    44 | D:1      | Reached XP level 2. HP: 9/24 MP: 2/2
   681 | D:1      | Reached skill level 3 in Long Blades
   971 | D:1      | Reached XP level 3. HP: 29/29 MP: 3/3
  1222 | D:2      | Found a sparkling altar of Nemelex Xobeh.
  1707 | D:2      | Reached skill level 4 in Long Blades
  1707 | D:2      | Reached XP level 4. HP: 35/35 MP: 4/4
  2713 | D:2      | Found a faded altar of an unknown god.
  2879 | D:3      | Noticed Grinder
  2906 | D:3      | You fall into a shaft and drop 3 floors!
  2906 | D:6      | Noticed a scorpion
  2908 | D:6      | Noticed a black bear
  2920 | D:6      | Noticed a bullfrog
  2925 | D:6      | You fall into a shaft and drop 2 floors!
  3287 | D:7      | Reached XP level 5. HP: 37/41 MP: 5/5
  3301 | D:7      | Slain by a wight

Illustrated notes

Levels and vault maps discovered:
D:1:      psy_arrival_fountain, layout_basic, grunt_decor_junction,
          corexii_leaking_fountain, minmay_misc_feat_enclosed
D:2:      layout_rooms, shapermc_ecumenical_altar_totnotflames, basic_altar,
          minmay_crystal_room
D:3:      layout_loops_ring, mainiacjoe_overflow_divided_tiny, uniq_sigmund,
          uniq_grinder, uniq_ijyb, uniq_robin
D:6:      layout_loops_ring, mainiacjoe_overflow_24_doors
D:7:      layout_basic, general_overflow_altar, minivault_25
D:8:      layout_basic, lair_entry_dummy, abandoned_shop, uniq_grum

Skill      XL: |  1  2  3 |
---------------+----------+-----
Long Blades    | 3 4 |  4.6
Fighting       | |  3.2
Armour         | |  3.2
Shields        | |  3.9

Action                   |  1- 3 |  4- 6 || total
-------------------------+-------+-------++-------
Melee: Long sword        |    87 |    83 ||   170
 Abil: Shaft Self        |       |     2 ||     2
  Use: Potion            |     1 |       ||     1
Armor: Scale mail        |    69 |    38 ||   107
Dodge: Dodged            |    49 |    29 ||    78
Block: Buckler           |    27 |    19 ||    46

Table legend: (Time is in decaauts)
 A = Elapsed time spent in this place.
 B = Non-inter-level travel time spent in this place.
 C = Inter-level travel time spent in this place.
 D = Time resting spent in this place.
 E = Time spent auto-exploring this place.
 F = Levels seen in this place.
 G = Mean time per level.
                   A        B        C        D        E       F      G
               +--------+--------+--------+--------+--------+-----+--------+
         Total |   3343 |   3185 |    158 |   1408 |   1133 |   6 |  557.2 |
       Dungeon |   3343 |   3185 |    158 |   1408 |   1133 |   6 |  557.2 |
               +--------+--------+--------+--------+--------+-----+--------+

Top non-repeatable levels by time:
     D:1: 1942 daAuts
     D:2: 876 daAuts
     D:8: 350 daAuts
     D:3: 127 daAuts
     D:7: 27 daAuts
     D:6: 18 daAuts
